APP
MIAMI (APP) MARLINS @ OGDEN RAPTORS
09/19/2044
 
TOP OF THE 1ST
Miami (APP) Marlins batting - Pitching for Ogden Raptors : RHP Ian Wilson
Pitching: RHP Ian Wilson
Batting: RHB Adrian Bocker 0-0: Ball
1-0: Called Strike
1-1: Swinging Strike
1-2: Foul Ball, location: 2F
1-2: Ground out 6-3 (Groundball, 6, EV 88.8 MPH)
Batting: RHB Jason Thrash 0-0: Ball
1-0: Foul Ball, location: 2F
1-1: Ball
2-1: Ball
3-1: Called Strike
3-2: Strikes out swinging
Batting: RHB Mario Cota 0-0: Foul Ball, location: 2F
0-1: Ground out 5-3 (Groundball, 5L, EV 85.0 MPH)
Top of the 1st over - 0 runs, 0 hits, 0 errors, 0 left on base; Miami (APP) 0 - Ogden 0
BOTTOM OF THE 1ST
Ogden Raptors batting - Pitching for Miami (APP) Marlins : RHP Adam Brown
Pitching: RHP Adam Brown
Batting: SHB Darius Vinson 0-0: Ball
1-0: Ball
2-0: Ball
3-0: Called Strike
3-1: Base on Balls
Batting: LHB Santiago Chavira 0-0: Fielders Choice at 2nd, 4-6 (Groundball, 4, EV 104.4 MPH)
Batting: LHB Mitchell Casey 0-0: Ball
1-0: Ball
2-0: Ball
3-0: Base on Balls
Santiago Chavira to second
Batting: LHB Mike Dickinson 0-0: Ball
Wild Pitch!
Santiago Chavira to third
Mitchell Casey to second
1-0: Ball
2-0: Ball
3-0: Called Strike
3-1: Base on Balls
Batting: LHB Tore Bosch 0-0: Ball
1-0: Ball
2-0: Ball
3-0: Base on Balls
Santiago Chavira scores
Mitchell Casey to third
Mike Dickinson to second
Pitching: RHP Matt Alexander
Batting: RHB Kevin Ezell 0-0: Foul Ball, location: 2F
0-1: Swinging Strike
0-2: SINGLE (Groundball, 56D, EV 95.6 MPH)
Mitchell Casey scores
Mike Dickinson to third
Tore Bosch to second
Batting: RHB Bob Magana 0-0: Foul Ball, location: 2F
0-1: Called Strike
0-2: Strikes out swinging
Batting: RHB Luis Hinostroza 0-0: Called Strike
0-1: Ball
1-1: Foul Ball, location: 2F
1-2: Ball
2-2: Hit by Pitch
Mike Dickinson scores
Tore Bosch to third
Kevin Ezell to second
Batting: SHB Josh Vaill 0-0: Ball
1-0: Foul Ball, location: 2F
1-1: Ball
2-1: Ball
3-1: Ground out 4-3 (Groundball, 4, EV 80.0 MPH)
Bottom of the 1st over - 3 runs, 1 hit, 0 errors, 3 left on base; Miami (APP) 0 - Ogden 3
TOP OF THE 2ND
Miami (APP) Marlins batting - Pitching for Ogden Raptors : RHP Ian Wilson
Now at 2B: Charles Blatchford
Now in CF: Luis Hinostroza
Batting: SHB Matt Moore 0-0: Ball
1-0: Ball
2-0: Called Strike
2-1: Swinging Strike
2-2: Strikes out looking
Batting: RHB Keith Bennett 0-0: Swinging Strike
0-1: Ground out 6-3 (Groundball, 6, EV 90.0 MPH)
Batting: RHB Rick Knoblauch 0-0: Ball
1-0: Called Strike
1-1: Ball
2-1: Called Strike
2-2: Strikes out swinging
Top of the 2nd over - 0 runs, 0 hits, 0 errors, 0 left on base; Miami (APP) 0 - Ogden 3
BOTTOM OF THE 2ND
Ogden Raptors batting - Pitching for Miami (APP) Marlins : RHP Matt Alexander
Batting: RHB Charles Blatchford 0-0: Foul Ball, location: 2F
0-1: Ball
1-1: SINGLE (Groundball, 6D, EV 97.5 MPH)
Pitching: LHP Tyler Murders
Batting: LHB Santiago Chavira 0-0: Foul Ball, location: 2F
0-1: Ball
1-1: SINGLE (Groundball, 6S, EV 64.4 MPH) (infield hit)
Charles Blatchford to second
Batting: LHB Mitchell Casey 0-0: Called Strike
0-1: Ball
1-1: SINGLE (Flyball, 6D, EV 82.5 MPH)
Charles Blatchford to third
Santiago Chavira to second
Batting: LHB Mike Dickinson 0-0: Foul Ball, location: 2F
0-1: Ball
1-1: Foul Ball, location: 2F
1-2: Fly out, F8 (Line Drive, 8RD, EV 92.5 MPH)
Throwing error, E8
Charles Blatchford scores
Santiago Chavira to third
Mitchell Casey to second
Batting: LHB Tore Bosch 0-0: Foul Ball, location: 2F
0-1: Reached on error, E4 (Groundball, 4, EV 93.8 MPH)
Santiago Chavira scores
Mitchell Casey to third
Batting: RHB Kevin Ezell 0-0: Called Strike
0-1: 3-RUN HOME RUN (Flyball, 78XD, EV 115.0 MPH), Distance : 436 ft
Batting: RHB Bob Magana 0-0: Ball
1-0: Called Strike
1-1: Ball
2-1: Ball
3-1: Foul Ball, location: 2F
3-2: Foul Ball, location: 2F
3-2: Base on Balls
Batting: RHB Luis Hinostroza 0-0: Ball
1-0: Ball
2-0: Called Strike
2-1: Foul Ball, location: 2F
2-2: Strikes out swinging
Batting: SHB Josh Vaill 0-0: Foul Ball, location: 2F
0-1: Ball
1-1: Ball
2-1: Called Strike
2-2: Foul Ball, location: 2F
2-2: Ball
3-2: Base on Balls
Bob Magana to second
Batting: RHB Charles Blatchford 0-0: Called Strike
0-1: SINGLE (Groundball, 6MD, EV 103.1 MPH)
Bob Magana to third
Josh Vaill to second
Runner from 3rd tries for Home, SAFE, throw by CF to home
Batting: LHB Santiago Chavira 0-0: Called Strike
0-1: Ball
1-1: Fly out, F6 (Line Drive, 6, EV 61.3 MPH)
Bottom of the 2nd over - 6 runs, 5 hits, 2 errors, 2 left on base; Miami (APP) 0 - Ogden 9
TOP OF THE 3RD
Miami (APP) Marlins batting - Pitching for Ogden Raptors : RHP Ian Wilson
Batting: LHB Gavrilo Brkic 0-0: Ball
1-0: Called Strike
1-1: Ground out 4-3 (Groundball, 4, EV 81.3 MPH)
Batting: LHB Melvin Castro 0-0: Called Strike
0-1: Ball
1-1: Swinging Strike
1-2: Strikes out looking
Batting: LHB Bryan Wedge 0-0: Swinging Strike
0-1: Fly out, F8 (Flyball, 8RD, EV 81.3 MPH)
Top of the 3rd over - 0 runs, 0 hits, 0 errors, 0 left on base; Miami (APP) 0 - Ogden 9
BOTTOM OF THE 3RD
Ogden Raptors batting - Pitching for Miami (APP) Marlins : LHP Tyler Murders
Batting: LHB Mitchell Casey 0-0: Ball
1-0: Ball
2-0: Ball
3-0: Foul Ball, location: 2F
3-1: Called Strike
3-2: DOUBLE (Line Drive, 9LD, EV 103.1 MPH)
Batting: LHB Mike Dickinson 0-0: Ball
1-0: Called Strike
1-1: SINGLE (Groundball, 4MD, EV 95.0 MPH)
Mitchell Casey to third
Batting: LHB Tore Bosch 0-0: Ball
1-0: Called Strike
1-1: SINGLE (Groundball, P, EV 88.8 MPH) (infield hit)
Mitchell Casey scores
Mike Dickinson to second
Pitching: RHP Jeremy Akande
Batting: RHB Kevin Ezell 0-0: Swinging Strike
0-1: Ball
1-1: Swinging Strike
1-2: Ball
2-2: Strikes out swinging
Batting: RHB Bob Magana 0-0: Ball
1-0: Foul Ball, location: 2F
1-1: Fly out, F6 (Popup, 6, EV 68.1 MPH)
Batting: RHB Luis Hinostroza 0-0: Called Strike
0-1: Ball
1-1: Fly out, F9 (Line Drive, 9, EV 90.6 MPH)
Bottom of the 3rd over - 1 run, 3 hits, 0 errors, 2 left on base; Miami (APP) 0 - Ogden 10
TOP OF THE 4TH
Miami (APP) Marlins batting - Pitching for Ogden Raptors : RHP Ian Wilson
Batting: RHB Adrian Bocker 0-0: Ball
1-0: Swinging Strike
1-1: Ball
2-1: Fly out, F8 (Flyball, 89M, EV 88.8 MPH)
Batting: RHB Jason Thrash 0-0: Called Strike
0-1: Swinging Strike
0-2: Foul Ball, location: 2F
0-2: Ball
1-2: Strikes out swinging
Batting: RHB Mario Cota 0-0: Called Strike
0-1: Ball
1-1: Ball
2-1: Ground out 4-3 (Groundball, 4M, EV 85.0 MPH)
Top of the 4th over - 0 runs, 0 hits, 0 errors, 0 left on base; Miami (APP) 0 - Ogden 10
BOTTOM OF THE 4TH
Ogden Raptors batting - Pitching for Miami (APP) Marlins : RHP Jeremy Akande
Batting: SHB Josh Vaill 0-0: Ball
1-0: Foul Ball, location: 2F
1-1: Ground out 5-3 (Groundball, 5, EV 102.5 MPH)
Batting: RHB Charles Blatchford 0-0: Swinging Strike
0-1: SINGLE (Line Drive, 7S, EV 90.0 MPH)
Batting: LHB Santiago Chavira 0-0: Called Strike
0-1: Ball
1-1: Ball
2-1: Foul Ball, location: 2F
2-2: Foul Ball, location: 2F
2-2: Foul Ball, location: 2F
2-2: Foul Ball, location: 2F
2-2: Ball
3-2: Base on Balls
Charles Blatchford to second
Pitching: LHP Mike Wasson
Batting: LHB Mitchell Casey 0-0: Ball
1-0: Fielders Choice at 2nd, 3-6 (Groundball, 13, EV 84.4 MPH)
Charles Blatchford to third
Batting: LHB Mike Dickinson 0-0: Ball
1-0: Called Strike
1-1: SINGLE (Groundball, 34S, EV 96.9 MPH)
Charles Blatchford scores
Mitchell Casey to second
Batting: LHB Tore Bosch 0-0: Foul Ball, location: 2F
0-1: Fly out, F5 (Popup, 5S, EV 71.9 MPH)
Bottom of the 4th over - 1 run, 2 hits, 0 errors, 2 left on base; Miami (APP) 0 - Ogden 11
TOP OF THE 5TH
Miami (APP) Marlins batting - Pitching for Ogden Raptors : RHP Ian Wilson
Batting: SHB Matt Moore 0-0: SINGLE (Flyball, 4D, EV 94.4 MPH)
Batting: RHB Keith Bennett 0-0: Ball
1-0: Ball
2-0: Reached on error, E8 (Flyball, 8RD, EV 101.9 MPH)
Matt Moore to third
Batting: RHB Rick Knoblauch 0-0: Reached on error, E4 (Groundball, 4, EV 81.9 MPH)
Matt Moore scores
Keith Bennett to third
Batting: LHB Gavrilo Brkic 0-0: Ball
1-0: Fly out, F9 (Line Drive, 9, EV 83.8 MPH)
Runner from 3rd tags up, SCORES, throw by RF
Now in RF: Gary Ming
Batting: LHB Melvin Castro 0-0: Swinging Strike
0-1: Called Strike
0-2: Ball
1-2: Strikes out swinging
Pitching: RHP Victor Delgado
Batting: LHB Bryan Wedge 0-0: Swinging Strike
0-1: Ball
1-1: Fly out, F9 (Flyball, 9, EV 89.4 MPH)
Top of the 5th over - 2 runs, 1 hit, 2 errors, 1 left on base; Miami (APP) 2 - Ogden 11
BOTTOM OF THE 5TH
Ogden Raptors batting - Pitching for Miami (APP) Marlins : LHP Mike Wasson
Batting: RHB Kevin Ezell 0-0: Ball
1-0: Called Strike
1-1: Ball
2-1: Called Strike
2-2: Ball
3-2: Base on Balls
Batting: RHB Bob Magana 0-0: Ball
1-0: Ball
2-0: Ball
3-0: Called Strike
3-1: Base on Balls
Kevin Ezell to second
Batting: RHB Luis Hinostroza 0-0: Foul Ball, location: 2F
0-1: Foul Ball, location: 2F
0-2: Ball
1-2: 3-RUN HOME RUN (Flyball, 7D, EV 99.4 MPH), Distance : 400 ft
Batting: SHB Josh Vaill 0-0: Ball
1-0: Ball
2-0: Called Strike
2-1: Fly out, F8 (Flyball, 8RD, EV 99.4 MPH)
Batting: RHB Charles Blatchford 0-0: Called Strike
0-1: Ball
1-1: Ball
2-1: Called Strike
2-2: Fly out, F4 (Popup, 34S, EV 76.9 MPH)
Batting: LHB Santiago Chavira 0-0: Ground out U3 (Groundball, 3L, EV 85.0 MPH)
Bottom of the 5th over - 3 runs, 1 hit, 0 errors, 0 left on base; Miami (APP) 2 - Ogden 14
TOP OF THE 6TH
Miami (APP) Marlins batting - Pitching for Ogden Raptors : RHP Victor Delgado
Batting: RHB Adrian Bocker 0-0: Ball
1-0: Swinging Strike
1-1: Called Strike
1-2: Strikes out swinging
Batting: RHB Jason Thrash 0-0: Called Strike
0-1: Ball
1-1: Foul Ball, location: 2F
1-2: Foul Ball, location: 2F
1-2: Ball
2-2: Foul Ball, location: 2F
2-2: Strikes out looking
Batting: RHB Mario Cota 0-0: Called Strike
0-1: Swinging Strike
0-2: Strikes out looking
Top of the 6th over - 0 runs, 0 hits, 0 errors, 0 left on base; Miami (APP) 2 - Ogden 14
BOTTOM OF THE 6TH
Ogden Raptors batting - Pitching for Miami (APP) Marlins : LHP Mike Wasson
Batting: RHB Gary Ming 0-0: Foul Ball, location: 2F
0-1: Ball
1-1: Ball
2-1: SINGLE (Groundball, 4MD, EV 106.9 MPH)
Batting: LHB Mike Dickinson 0-0: Called Strike
0-1: Ball
1-1: Swinging Strike
1-2: Ball
2-2: Ball
3-2: Foul Ball, location: 2F
3-2: Base on Balls
Gary Ming to second
Batting: LHB Tore Bosch 0-0: Ball
1-0: Ball
Passed Ball!
Gary Ming to third
Mike Dickinson to second
2-0: Swinging Strike
2-1: Reached on error, E6 (Groundball, 6, EV 83.8 MPH)
Gary Ming scores
Mike Dickinson to third
Batting: RHB Kevin Ezell 0-0: Called Strike
0-1: Ball
Passed Ball!
Mike Dickinson scores
Tore Bosch to second
1-1: Ball
2-1: DOUBLE (Line Drive, 9LS, EV 111.3 MPH)
Tore Bosch scores
Batting: RHB Bob Magana 0-0: Ball
1-0: Ball
2-0: Foul Ball, location: 2F
2-1: Ground out 5-3 (Groundball, 25, EV 82.5 MPH)
Batting: RHB Luis Hinostroza 0-0: Called Strike
0-1: Foul Ball, location: 2F
0-2: Ball
1-2: Strikes out swinging
Batting: SHB Josh Vaill 0-0: Called Strike
0-1: Foul Ball, location: 2F
0-2: Strikes out swinging
Bottom of the 6th over - 3 runs, 2 hits, 1 error, 1 left on base; Miami (APP) 2 - Ogden 17
TOP OF THE 7TH
Miami (APP) Marlins batting - Pitching for Ogden Raptors : RHP Victor Delgado
Batting: SHB Matt Moore 0-0: Called Strike
0-1: Foul Ball, location: 2F
0-2: Foul Ball, location: 2F
0-2: Strikes out swinging
Pitching: RHP Charles Durand
Batting: RHB Keith Bennett 0-0: Called Strike
0-1: Ball
1-1: Swinging Strike
1-2: Reached on error, E8 (Flyball, 78D, EV 101.9 MPH)
Batting: RHB Rick Knoblauch 0-0: Ball
1-0: Called Strike
1-1: Called Strike
1-2: Strikes out swinging
Batting: LHB Gavrilo Brkic 0-0: Ball
1-0: Swinging Strike
1-1: Swinging Strike
1-2: Ball
2-2: Foul Ball, location: 2F
2-2: Strikes out looking
Top of the 7th over - 0 runs, 0 hits, 1 error, 1 left on base; Miami (APP) 2 - Ogden 17
BOTTOM OF THE 7TH
Ogden Raptors batting - Pitching for Miami (APP) Marlins : LHP Mike Wasson
Batting: RHB Charles Blatchford 0-0: SINGLE (Groundball, 13, EV 83.8 MPH) (infield hit)
Batting: LHB Santiago Chavira 0-0: Fielders Choice at 2nd, 4-6 (Groundball, 34, EV 100.0 MPH)
Batting: RHB Gary Ming 0-0: Ball
1-0: Fielders Choice at 2nd, 6-4 (Groundball, 6S, EV 86.3 MPH)
Batting: LHB Mike Dickinson 0-0: Fielders Choice at 2nd, 5-4 (Groundball, 56, EV 111.3 MPH)
Bottom of the 7th over - 0 runs, 1 hit, 0 errors, 1 left on base; Miami (APP) 2 - Ogden 17
TOP OF THE 8TH
Miami (APP) Marlins batting - Pitching for Ogden Raptors : RHP Charles Durand
Batting: LHB Melvin Castro 0-0: Swinging Strike
0-1: Ball
1-1: Ball
2-1: Ball
3-1: SINGLE (Groundball, 34D, EV 104.4 MPH)
Pitching: RHP Cory Fischer
Batting: LHB Bryan Wedge 0-0: Bunt missed!
0-1: Bunted foul
0-2: Sac Bunt to 3S - play at first, batter OUT! 3-1
Melvin Castro to second
Batting: RHB Adrian Bocker 0-0: Called Strike
0-1: Ball
1-1: Ball
2-1: Ball
3-1: Called Strike
3-2: Strikes out swinging passed ball, reaches first!
Melvin Castro to third
Batting: RHB Jason Thrash 0-0: Called Strike
0-1: Called Strike
0-2: Ball
1-2: Strikes out looking
Batting: RHB Mario Cota 0-0: Ball
1-0: Called Strike
1-1: Called Strike
1-2: Strikes out swinging
Top of the 8th over - 0 runs, 1 hit, 0 errors, 2 left on base; Miami (APP) 2 - Ogden 17
BOTTOM OF THE 8TH
Ogden Raptors batting - Pitching for Miami (APP) Marlins : LHP Mike Wasson
Batting: LHB Tore Bosch 0-0: Ground out 4-3 (Groundball, 4S, EV 68.1 MPH)
Batting: RHB Kevin Ezell 0-0: Ball
1-0: Called Strike
1-1: Ball
2-1: Foul Ball, location: 2F
2-2: Ball
3-2: Base on Balls
Batting: RHB Bob Magana 0-0: DOUBLE (Line Drive, 8RXD, EV 106.9 MPH)
Kevin Ezell to third
Runner from 3rd tries for Home, SAFE, throw by CF to home
Batting: RHB Luis Hinostroza 0-0: Ball
1-0: Called Strike
1-1: Ball
2-1: Foul Ball, location: 2F
2-2: Ball
3-2: Strikes out swinging
Batting: SHB Josh Vaill 0-0: Ball
1-0: Called Strike
1-1: Ball
2-1: Ball
3-1: Base on Balls
Batting: RHB Charles Blatchford 0-0: Ball
1-0: Ball
2-0: Called Strike
2-1: Ball
3-1: Base on Balls
Bob Magana to third
Josh Vaill to second
Batting: LHB Santiago Chavira 0-0: SINGLE (Line Drive, 6M, EV 98.8 MPH)
Bob Magana scores
Josh Vaill to third
Charles Blatchford to second
Throwing error, E8
Josh Vaill scores
Charles Blatchford to third
Santiago Chavira to second
Batting: RHB Gary Ming 0-0: Ball
1-0: Ground out 4-3 (Groundball, 4, EV 102.5 MPH)
Bottom of the 8th over - 3 runs, 2 hits, 1 error, 2 left on base; Miami (APP) 2 - Ogden 20
TOP OF THE 9TH
Miami (APP) Marlins batting - Pitching for Ogden Raptors : RHP Cory Fischer
Batting: SHB Matt Moore 0-0: Ball
1-0: SINGLE (Groundball, 4MD, EV 94.4 MPH)
Pitching: RHP Ramon Luna
Batting: RHB Keith Bennett 0-0: Swinging Strike
0-1: Ball
1-1: Swinging Strike
1-2: Strikes out swinging
Batting: RHB Rick Knoblauch 0-0: Ball
1-0: SINGLE (Groundball, 6MD, EV 103.8 MPH)
Matt Moore to second
Batting: LHB Gavrilo Brkic 0-0: Ball
1-0: Foul Ball, location: 2F
1-1: Ball
2-1: Foul Ball, location: 2F
2-2: Strikes out looking
Batting: LHB Melvin Castro 0-0: Called Strike
0-1: Swinging Strike
0-2: Ball
1-2: Strikes out swinging
Top of the 9th over - 0 runs, 2 hits, 0 errors, 2 left on base; Miami (APP) 2 - Ogden 20
Thursday, March 31st , 2022 - OOTP Baseball 22.12 Build 89